[Event "January 9 Late 2024"]
[Site "https://www.chess.com"]
[Date "2024.01.09"]
[Round "9"]
[White "Pinheiro, Iung Alicio de O."]
[Black "Joie, Sebastien"]
[Result "1/2-1/2"]
[Board "58"]
[TimeControl "180+1"]
[WhiteFideId "2104350"]
[BlackFideId "650420"]
[WhiteElo "2616"]
[BlackElo "2467"]
[WhiteTeam "BRA"]
[BlackTeam "FRA"]
[WhiteClock "0:00:14"]
[BlackClock "0:00:11"]

1. d4 d5 2. Nf3 Nf6 3. e3 Bf5 4. c4 c6 5. Nc3 e6 6. Nh4 Bg6 7. Qb3 Qc7 8. Nxg6 hxg6 9. g3 Nbd7 10. Bd2 Ng4 11. h3 Bd6 12. Bg2 Ngf6 13. O-O-O a5 14. cxd5 Nxd5 15. Kb1 b5 16. Ne4 Be7 17. Rc1 b4 18. Qa4 Rc8 19. Qd1 N7b6 20. Nc5 a4 21. Nxa4 Ra8 22. Nxb6 Qxb6 23. e4 Nc3+ 24. Bxc3 bxc3 25. Rxc3 O-O 26. Qc2 Qxd4 27. Rd1 Qb4 28. Rc4 Qb7 29. e5 Rab8 30. Bxc6 Qb6 31. Be4 Qa5 32. h4 Qxe5 33. f4 Qb5 34. g4 Bf6 35. Rd2 Rfd8 36. a4 Qa5 37. Rxd8+ Rxd8 38. g5 Be7 39. h5 gxh5 40. g6 fxg6 41. Bxg6 e5 42. Rc7 Bf6 43. Qc4+ Kh8 44. fxe5 Qxe5 45. Qc2 Rd1+ 46. Ka2 Qd5+ 47. Qc4 Qxc4+ 48. Rxc4 Rd2 49. Rc8+ Rd8 50. Rxd8+ Bxd8 51. Bxh5 Ba5 52. Ka3 Kh7 53. b4 Bc7 54. a5 Kh6 55. Be8 Kg5 56. Ka4 Kf6 57. b5 Ke7 58. Bh5 Kd6 59. Bf3 Kc5 60. Bc6 g5 61. Bg2 Bd8 62. Bh1 g4 63. Bg2 g3 64. Bf3 Bc7 65. Bh1 Bd8 66. Bg2 Bc7 67. b6 Bxb6 68. axb6 Kxb6 69. Kb4 Kc7 70. Kc4 Kd6 71. Kd4 Ke7 72. Ke4 Ke6 73. Kf4 Kd6 74. Kxg3 1/2-1/2

[Event "January 9 Late 2024"]
[Site "https://www.chess.com"]
[Date "2024.01.09"]
[Round "9"]
[White "Baltag, Iulian"]
[Black "Luukkonen, Tommi"]
[Result "1-0"]
[Board "59"]
[TimeControl "180+1"]
[WhiteFideId "13901419"]
[BlackFideId "501808"]
[WhiteElo "2611"]
[BlackElo "2412"]
[WhiteTeam "MDA"]
[BlackTeam "FIN"]
[WhiteClock "0:00:42"]
[BlackClock "0:00:41"]

1. d4 Nf6 2. c4 g6 3. h4 h5 4. Nc3 Bg7 5. e4 d6 6. Be2 Nc6 7. d5 Ne5 8. Nh3 c6 9. Ng5 O-O 10. O-O a6 11. Bf4 cxd5 12. exd5 Nh7 13. Rc1 Bf5 14. b3 Nxg5 15. Bxg5 Re8 16. Qd2 Qa5 17. Nb1 Qc7 18. a4 Qd7 19. Nc3 e6 20. Rfd1 exd5 21. Nxd5 Rab8 22. Nf6+ Bxf6 23. Bxf6 Qe6 24. Qxd6 Nc6 25. Bf1 Na5 26. Rc3 Qxd6 27. Rxd6 Re1 28. b4 Nc6 29. b5 Nb4 30. f3 Ra1 31. c5 Re8 32. c6 bxc6 33. bxc6 Ree1 34. Rd8+ 1-0

[Event "January 9 Late 2024"]
[Site "https://www.chess.com"]
[Date "2024.01.09"]
[Round "9"]
[White "Mokshanov, Alexey"]
[Black "Brodsky, David"]
[Result "0-1"]
[Board "60"]
[TimeControl "180+1"]
[WhiteFideId "24121657"]
[BlackFideId "2073250"]
[WhiteElo "2614"]
[BlackElo "2814"]
[WhiteTeam "RUS"]
[BlackTeam "USA"]
[WhiteClock "0:00:02"]
[BlackClock "0:00:05"]

1. e4 c5 2. Nf3 d6 3. Bb5+ Bd7 4. Bxd7+ Qxd7 5. O-O Nc6 6. c3 d5 7. exd5 Qxd5 8. d4 e6 9. dxc5 Qxd1 10. Rxd1 Bxc5 11. Nbd2 O-O-O 12. Re1 Nf6 13. Ne4 Nxe4 14. Rxe4 Rd1+ 15. Re1 Rhd8 16. Be3 Rxa1 17. Rxa1 Bxe3 18. fxe3 Na5 19. Kf2 Nc4 20. b3 Nd2 21. Ke2 Ne4 22. Rc1 f6 23. Rc2 e5 24. Nd2 Nd6 25. c4 Kd7 26. Rc3 Ke6 27. Rd3 Rc8 28. a4 a5 29. Rd5 b6 30. Kd3 f5 31. Kc2 e4 32. Kc3 Rc6 33. Nf1 Nb7 34. Ng3 g6 35. Ne2 Rd6 36. Nf4+ Ke7 37. Rb5 Nc5 38. Nd5+ Ke6 39. Rxb6 Rxb6 40. Nxb6 Ke5 41. b4 axb4+ 42. Kxb4 Nd3+ 43. Kc3 f4 44. exf4+ Kxf4 45. a5 Nc5 46. Kd4 Nb3+ 47. Kc3 Nxa5 48. c5 Nc6 49. Kc4 Ke3 50. Kd5 Nb4+ 51. Kd6 Kf2 52. Nc4 e3 53. Nxe3 Kxe3 54. c6 Nxc6 55. Kxc6 Kf2 56. Kd5 Kxg2 57. h4 Kg3 0-1

[Event "January 9 Late 2024"]
[Site "https://www.chess.com"]
[Date "2024.01.09"]
[Round "9"]
[White "Ghasi, Ameet K"]
[Black "Pham, Le Thao Nguyen"]
[Result "0-1"]
[Board "61"]
[TimeControl "180+1"]
[WhiteFideId "409200"]
[BlackFideId "12401226"]
[WhiteElo "2755"]
[BlackElo "2576"]
[WhiteTeam "ENG"]
[BlackTeam "VIE"]
[WhiteClock "0:00:00"]
[BlackClock "0:00:11"]

1. Nf3 d5 2. b3 c6 3. Bb2 Bf5 4. e3 e6 5. h3 h6 6. c4 Nf6 7. Nc3 Nbd7 8. a3 Bd6 9. Be2 Qe7 10. O-O O-O 11. d4 Rfe8 12. Bd3 Ne4 13. Qc2 Nxc3 14. Qxc3 Bxd3 15. Qxd3 f5 16. b4 Nf6 17. b5 Ne4 18. a4 a6 19. Ne5 Bxe5 20. dxe5 Qb4 21. Qc2 axb5 22. cxb5 cxb5 23. axb5 Qxb5 24. Rxa8 Rxa8 25. Bd4 Qc6 26. Qb2 Rc8 27. Rb1 Qc2 28. f3 Qxb2 29. Bxb2 Nd2 30. Re1 b5 31. Ba3 Rc4 32. Rd1 Rc2 33. Bd6 Nc4 34. Rd3 Rb2 35. e4 fxe4 36. fxe4 dxe4 37. Rg3 e3 38. Kf1 b4 39. Rg4 Rf2+ 40. Ke1 Nb2 41. Rd4 b3 42. Ba3 Rxg2 43. Rd8+ Kh7 0-1

[Event "January 9 Late 2024"]
[Site "https://www.chess.com"]
[Date "2024.01.09"]
[Round "9"]
[White "Timmermans, Mark"]
[Black "Yagupov, Igor"]
[Result "1-0"]
[Board "62"]
[TimeControl "180+1"]
[WhiteFideId "1026399"]
[BlackFideId "4113632"]
[WhiteElo "2740"]
[BlackElo "2573"]
[WhiteTeam "NED"]
[BlackTeam "RUS"]
[WhiteClock "0:00:18"]
[BlackClock "0:00:00"]

1. b4 e5 2. Bb2 Bxb4 3. Bxe5 Nf6 4. Nc3 Nc6 5. Bxf6 Qxf6 6. Nd5 Qd8 7. c4 O-O 8. Nf3 Re8 9. e3 Bf8 10. Be2 d6 11. O-O Ne5 12. d4 Nxf3+ 13. Bxf3 c6 14. Nf4 g6 15. Rb1 Bg7 16. Bg4 Bxg4 17. Qxg4 Qc7 18. Rb3 b6 19. Rfb1 Rab8 20. h3 Qc8 21. Qf3 Qc7 22. a4 h5 23. d5 c5 24. Nd3 Qd7 25. a5 Qc7 26. axb6 Rxb6 27. Rxb6 axb6 28. Qd1 Ra8 29. Qb3 Ra6 30. Qb5 Ra3 31. Nf4 Ra1 32. Rxa1 Bxa1 33. Qc6 Qd8 34. g3 Be5 35. Nd3 Bc3 36. Kf1 h4 37. g4 Bf6 38. f4 Bc3 39. Ke2 Kg7 40. Kf3 Kg8 41. Nf2 Be1 42. Ne4 Qb8 43. Nxd6 Qa7 44. g5 Bc3 45. Qb7 Qa1 46. Qxf7+ Kh8 47. Qf8+ Kh7 48. Qh6+ Kg8 49. Qxg6+ Bg7 50. Qf7+ Kh8 51. Nf5 Qh1+ 52. Kg4 Qd1+ 53. Kxh4 Qe1+ 54. Kh5 1-0

[Event "January 9 Late 2024"]
[Site "https://www.chess.com"]
[Date "2024.01.09"]
[Round "9"]
[White "Dubnevych, Maksym"]
[Black "Schnaider, Ilan"]
[Result "0-1"]
[Board "63"]
[TimeControl "180+1"]
[WhiteFideId "14184001"]
[BlackFideId "169013"]
[WhiteElo "2559"]
[BlackElo "2724"]
[WhiteTeam "UKR"]
[BlackTeam "ARG"]
[WhiteClock "0:00:06"]
[BlackClock "0:00:05"]

1. e4 c5 2. Nf3 d6 3. d4 cxd4 4. Nxd4 Nf6 5. Nc3 a6 6. Bd3 g6 7. f3 Qb6 8. Nce2 Bg7 9. c3 Nbd7 10. Qc2 Nc5 11. Bc4 O-O 12. Be3 Qc7 13. Bb3 e5 14. Rc1 Qe7 15. Bc4 exd4 16. cxd4 Ne6 17. O-O b5 18. Bb3 Bb7 19. Qd2 Rfc8 20. Nc3 Nh5 21. g4 Nf6 22. Rce1 a5 23. Nd5 Nxd5 24. exd5 Nc7 25. Bg5 Qf8 26. Be7 Qe8 27. Bg5 Qd7 28. Re7 Qd8 29. Rxf7 Qe8 30. Re7 Qf8 31. Rfe1 a4 32. Bd1 Nxd5 33. Rxb7 h6 34. Be7 Qf7 35. Rd7 Re8 36. Rxd6 Nxe7 37. Rde6 Nd5 38. Qe2 Rxe6 39. Qxe6 Nf4 40. Qe4 Rf8 41. d5 Nh3+ 42. Kg2 Ng5 43. Qd3 h5 44. h4 Nh7 45. g5 Qd7 46. d6 Rd8 47. Qd5+ Kh8 48. Re6 Nf8 49. Re7 Qxd6 50. Qxd6 Rxd6 51. Be2 Rd2 52. Kg3 Rxb2 53. Re5 Bxe5+ 54. f4 Rxe2 0-1

[Event "January 9 Late 2024"]
[Site "https://www.chess.com"]
[Date "2024.01.09"]
[Round "9"]
[White "Agibileg, Uurtsaikh"]
[Black "Nilsen, Tobias Lang"]
[Result "1-0"]
[Board "64"]
[TimeControl "180+1"]
[WhiteFideId "4901606"]
[BlackFideId "1521624"]
[WhiteElo "2721"]
[BlackElo "2477"]
[WhiteTeam "MGL"]
[BlackTeam "NOR"]
[WhiteClock "0:00:18"]
[BlackClock "0:00:04"]

1. d4 Nf6 2. c4 e6 3. Nc3 c5 4. d5 exd5 5. cxd5 d6 6. e4 g6 7. Bd3 Bg7 8. h3 O-O 9. Nf3 a6 10. a4 Re8 11. O-O Nbd7 12. Bf4 Qe7 13. Bh2 Rb8 14. Re1 Ne5 15. Nxe5 dxe5 16. a5 Rd8 17. Na4 Ne8 18. Qc2 Nd6 19. Qxc5 Qg5 20. Kh1 Qd2 21. Red1 Qg5 22. Nb6 Qh5 23. Qc7 Bxh3 24. gxh3 Qf3+ 25. Kg1 Qxh3 26. Qc2 Qg4+ 27. Bg3 f5 28. Qe2 Qg5 29. Kh1 Rf8 30. Nd7 f4 31. Bh2 f3 32. Qf1 Qh4 33. Nxb8 Rf4 34. Ra3 Rg4 35. Bb1 Rg2 36. Qxg2 fxg2+ 37. Kg1 Nxe4 38. Bxe4 Qxe4 39. d6 Qe2 40. Rad3 e4 41. R3d2 Qf3 42. d7 e3 43. d8=Q+ Bf8 44. Qd5+ Qxd5 45. Rxd5 1-0

[Event "January 9 Late 2024"]
[Site "https://www.chess.com"]
[Date "2024.01.09"]
[Round "9"]
[White "Rohan, Ahuja"]
[Black "Bold, Andre"]
[Result "1-0"]
[Board "65"]
[TimeControl "180+1"]
[WhiteFideId "5090598"]
[BlackFideId "16208471"]
[WhiteElo "2721"]
[BlackElo "2457"]
[WhiteTeam "IND"]
[BlackTeam "GER"]
[WhiteClock "0:00:17"]
[BlackClock "0:00:05"]

1. Nf3 d5 2. g3 Nf6 3. Bg2 g6 4. c4 c6 5. b3 Bg7 6. Bb2 O-O 7. O-O Ne8 8. Bxg7 Nxg7 9. Qc2 Bf5 10. d3 Na6 11. Nbd2 Rc8 12. Rfc1 Qd7 13. Qb2 Bh3 14. Bh1 f6 15. b4 e5 16. b5 Nb8 17. bxc6 bxc6 18. Rab1 Be6 19. Nb3 Qe7 20. Na5 Nf5 21. Qb7 Rf7 22. Qxe7 Rxe7 23. cxd5 Bf7 24. dxc6 Rec7 25. Nd2 Nd4 26. Kf1 Nbxc6 27. Nxc6 Nxc6 28. Ne4 Nd4 29. Rxc7 Rxc7 30. Nxf6+ Kg7 31. Ne4 Bxa2 32. Ra1 Bd5 33. Nd6 Bxh1 34. Ne8+ 1-0

[Event "January 9 Late 2024"]
[Site "https://www.chess.com"]
[Date "2024.01.09"]
[Round "9"]
[White "Andrews, Todd"]
[Black "Sieciechowicz, Marcin"]
[Result "0-1"]
[Board "66"]
[TimeControl "180+1"]
[WhiteFideId "2012456"]
[BlackFideId "1130170"]
[WhiteElo "2466"]
[BlackElo "2692"]
[WhiteTeam "USA"]
[BlackTeam "POL"]
[WhiteClock "0:00:00"]
[BlackClock "0:00:23"]

1. d4 Nf6 2. c4 g6 3. Nc3 Bg7 4. e4 d6 5. Nf3 O-O 6. Be2 e5 7. O-O Bg4 8. d5 Kh8 9. Nd2 Bxe2 10. Qxe2 Ng8 11. b4 a5 12. bxa5 Nd7 13. Nb3 Bh6 14. Bxh6 Nxh6 15. c5 dxc5 16. Qe3 Ng4 17. Qg3 h5 18. h3 Ngf6 19. f4 Qe7 20. Rae1 c4 21. Nd2 Rxa5 22. fxe5 Nxe5 23. Qg5 Ng8 24. Qxe7 Nxe7 25. Nf3 Nd3 26. Re2 b5 27. Nd4 b4 28. Ncb5 c6 29. Nd6 Ne5 30. dxc6 N7xc6 31. Nxc6 Nxc6 32. Nxc4 Rc5 33. Nd6 Kg7 34. Rb2 f6 35. Nb7 Rb5 36. Rc1 Ne5 37. Rc7+ Kh6 38. Nd6 Rbb8 39. Nc4 Nd3 40. Rb3 Nc1 41. Rb1 Nxa2 42. Ra7 Nc3 43. Rb3 Nxe4 44. Ne3 Rfd8 45. Ra4 Nc5 46. Raxb4 Nxb3 47. Rxb8 Rxb8 0-1

[Event "January 9 Late 2024"]
[Site "https://www.chess.com"]
[Date "2024.01.09"]
[Round "9"]
[White "Buchenau, Frank"]
[Black "Baziuk, Vladyslav"]
[Result "1-0"]
[Board "67"]
[TimeControl "180+1"]
[WhiteFideId "4604350"]
[BlackFideId "34107940"]
[WhiteElo "2437"]
[BlackElo "2672"]
[WhiteTeam "GER"]
[BlackTeam "UKR"]
[WhiteClock "0:00:49"]
[BlackClock "0:00:07"]

1. e4 c5 2. Nf3 Nc6 3. Bb5 e5 4. O-O Nge7 5. c3 g6 6. Re1 Bg7 7. d4 exd4 8. cxd4 Nxd4 9. Nxd4 cxd4 10. Nd2 Nc6 11. Nf3 O-O 12. Bg5 Qb6 13. Bc4 Qxb2 14. Rb1 Qa3 15. Qd2 Qc3 16. Qe2 d6 17. Rec1 Qa5 18. Bd5 Qc7 19. Qb5 Be6 20. Qxb7 Qxb7 21. Rxb7 Bxd5 22. exd5 Ne5 23. Nxd4 Nd3 24. Rc4 Rfc8 25. Nc6 Ne5 26. Ne7+ Kh8 27. Rxc8+ Rxc8 28. Nxc8 a5 29. Rb8 h6 30. Nxd6+ Kh7 31. Bf4 Nd3 32. Bg3 Nb4 33. Nxf7 Nxd5 34. Rb5 Nc3 35. Rxa5 g5 36. Ra6 Bd4 37. Nd6 Ne2+ 38. Kf1 Nc1 39. Nf5 Bg7 40. Ra7 Kg6 41. Nxg7 h5 42. h4 gxh4 43. Bxh4 Nd3 44. a4 Nb4 45. a5 Nd5 46. Rb7 Nf4 47. a6 Nd3 48. a7 Nc5 49. Rb6+ Kh7 50. a8=Q Nb7 51. Qxb7 Kg8 52. Nf5 Kh8 53. Qg7# 1-0

[Event "January 9 Late 2024"]
[Site "https://www.chess.com"]
[Date "2024.01.09"]
[Round "9"]
[White "Ozen, Metehan"]
[Black "Annaberdiyev, Meylis"]
[Result "0-1"]
[Board "68"]
[TimeControl "180+1"]
[WhiteFideId "34596054"]
[BlackFideId "14000563"]
[WhiteElo "2437"]
[BlackElo "2672"]
[WhiteTeam "TUR"]
[BlackTeam "TKM"]
[WhiteClock "0:00:44"]
[BlackClock "0:01:36"]

1. e4 c5 2. Nf3 Nc6 3. Bb5 g6 4. O-O Bg7 5. Re1 Nf6 6. d3 O-O 7. Bxc6 dxc6 8. a4 a5 9. Na3 Bg4 10. h3 Bxf3 11. Qxf3 Nd7 12. Nc4 e5 13. b3 f5 14. exf5 e4 15. Qxe4 Bxa1 16. fxg6 Re8 17. gxh7+ Kh8 0-1

[Event "January 9 Late 2024"]
[Site "https://www.chess.com"]
[Date "2024.01.09"]
[Round "9"]
[White "Krzywda, Andrzej"]
[Black "Rama, Tejas"]
[Result "0-1"]
[Board "69"]
[TimeControl "180+1"]
[WhiteFideId "1114565"]
[BlackFideId "30907381"]
[WhiteElo "2428"]
[BlackElo "2630"]
[WhiteTeam "POL"]
[BlackTeam "USA"]
[WhiteClock "0:00:00"]
[BlackClock "0:00:05"]

1. e4 e5 2. Nf3 Nc6 3. Bb5 a6 4. Ba4 Nf6 5. O-O b5 6. Bb3 Bc5 7. a4 Rb8 8. c3 d6 9. d4 Bb6 10. a5 Ba7 11. h3 h6 12. Be3 O-O 13. Nbd2 exd4 14. cxd4 Nb4 15. Re1 Bb7 16. d5 Bxe3 17. Rxe3 Nd7 18. Qe2 Nc5 19. Bd1 c6 20. dxc6 Nxc6 21. Bc2 Ne6 22. Nb3 Rc8 23. Qd2 Ne5 24. Nxe5 dxe5 25. Rd1 Qc7 26. Bb1 Rfd8 27. Rd3 Rxd3 28. Qxd3 Rd8 29. Qf1 Rc8 30. Rc1 Qd8 31. Rxc8 Qxc8 32. Nd2 Qd8 33. Qd3 Qxa5 34. Nf3 Qc7 35. Ba2 Nf4 36. Qe3 Qc1+ 37. Kh2 Qxe3 38. fxe3 Nd3 39. Bd5 Nxb2 40. Bxb7 a5 41. Nxe5 a4 42. Bd5 b4 43. Bxf7+ Kh7 44. Nc4 Nd3 45. Nd2 Nc5 46. e5 b3 47. Bd5 b2 0-1

[Event "January 9 Late 2024"]
[Site "https://www.chess.com"]
[Date "2024.01.09"]
[Round "9"]
[White "Yurovskykh, Oleksandr"]
[Black "Sohier, Julien"]
[Result "1-0"]
[Board "70"]
[TimeControl "180+1"]
[WhiteFideId "14134020"]
[BlackFideId "645346"]
[WhiteElo "2627"]
[BlackElo "2381"]
[WhiteTeam "UKR"]
[BlackTeam "FRA"]
[WhiteClock "0:01:34"]
[BlackClock "0:01:10"]

1. d4 d5 2. Bf4 Nf6 3. e3 c5 4. c3 Nc6 5. Nd2 e6 6. Ngf3 Be7 7. Bd3 O-O 8. O-O b6 9. Qe2 Bb7 10. Rad1 Bd6 11. Bg5 Be7 12. Rfe1 h6 13. Bh4 Nh5 14. Bxe7 Qxe7 15. Ne5 Nxe5 16. dxe5 g6 17. f4 f5 18. exf6 Qxf6 19. Nf3 Ng7 20. Ne5 Nf5 21. Nd7 Qh4 22. Nxf8 Rxf8 23. g3 Qh3 24. Qg2 Qg4 25. Be2 Nxe3 26. Bxg4 Nxg2 1-0

[Event "January 9 Late 2024"]
[Site "https://www.chess.com"]
[Date "2024.01.09"]
[Round "9"]
[White "Zavgorodniy, Sergiy"]
[Black "Dilmukhametov, Artur"]
[Result "0-1"]
[Board "71"]
[TimeControl "180+1"]
[WhiteFideId "14110148"]
[BlackFideId "24179922"]
[WhiteElo "2625"]
[BlackElo "2337"]
[WhiteTeam "UKR"]
[BlackTeam "RUS"]
[WhiteClock "0:00:00"]
[BlackClock "0:00:27"]

1. d4 d5 2. c4 c6 3. e3 Nf6 4. Bd3 a6 5. Nd2 Bg4 6. Qc2 e6 7. Ngf3 Nbd7 8. O-O Be7 9. b3 O-O 10. Ne5 Nxe5 11. dxe5 Nd7 12. Bxh7+ Kh8 13. f4 g6 14. Bxg6 fxg6 15. Qxg6 Bf5 16. Qh6+ Bh7 17. Qxe6 Nc5 18. Qh6 Nd3 19. Rf3 Bc5 20. Rh3 Qe7 21. cxd5 cxd5 22. Nf1 Nxf4 23. Bb2 Nxh3+ 24. Qxh3 Kg8 25. e6 Rf5 26. Ng3 Bxe3+ 27. Kh1 Rg5 28. Nh5 d4 29. Rf1 Rf8 30. Rf7 Rxf7 31. exf7+ Kxf7 32. Ng3 Bg6 33. Qh8 Qf8 34. Qh4 Qe7 35. Qh8 Qf6 36. Qc8 Qc6 0-1

[Event "January 9 Late 2024"]
[Site "https://www.chess.com"]
[Date "2024.01.09"]
[Round "9"]
[White "Dourerassou, Jonathan"]
[Black "Nita, Lucian"]
[Result "1/2-1/2"]
[Board "72"]
[TimeControl "180+1"]
[WhiteFideId "628050"]
[BlackFideId "1206923"]
[WhiteElo "2789"]
[BlackElo "2348"]
[WhiteTeam "FRA"]
[BlackTeam "ROU"]
[WhiteClock "0:01:08"]
[BlackClock "0:01:00"]

1. d4 d6 2. e4 Nf6 3. Nc3 e5 4. dxe5 dxe5 5. Qxd8+ Kxd8 6. Bg5 Be6 7. O-O-O+ Nd7 8. Nf3 Kc8 9. a3 c6 10. h3 Kc7 11. Bh4 Nh5 12. Ng5 Re8 13. Nxe6+ fxe6 14. Bc4 h6 15. Ne2 g5 16. Bg3 Nf4 17. Bxf4 gxf4 18. g4 b5 19. Ba2 Bc5 20. f3 Be3+ 21. Kb1 a5 22. c3 c5 23. Kc2 a4 24. h4 c4 25. Ng1 Bxg1 26. Rhxg1 Nc5 27. Bb1 Rd8 28. Rxd8 Rxd8 29. Rd1 Rxd1 30. Kxd1 Kd6 31. Bc2 Ke7 32. Ke2 Kf6 33. Kf2 Na6 34. Kg2 Nc7 35. Kf2 Ne8 36. Kg2 Nd6 37. Kf2 Nc8 38. Kg2 Ne7 39. Bd1 Ng6 40. Kh3 Ne7 41. Bc2 Nc8 42. Kg2 Nd6 43. Kf2 Nb7 44. Kg2 Nd8 45. Kf2 Nc6 46. Kg2 Na7 47. Kf2 Nc8 48. Kg2 1/2-1/2

[Event "January 9 Late 2024"]
[Site "https://www.chess.com"]
[Date "2024.01.09"]
[Round "9"]
[White "Novik, Maxim"]
[Black "Zubritskiy, Artyom"]
[Result "0-1"]
[Board "73"]
[TimeControl "180+1"]
[WhiteFideId "4102924"]
[BlackFideId "4181247"]
[WhiteElo "2513"]
[BlackElo "2748"]
[WhiteTeam "LTU"]
[BlackTeam "FID"]
[WhiteClock "0:01:05"]
[BlackClock "0:01:18"]

1. e4 c5 2. Nf3 Nf6 3. e5 Nd5 4. c3 d6 5. d4 cxd4 6. cxd4 Nc6 7. Bc4 e6 8. O-O Be7 9. exd6 Qxd6 10. Nc3 Nxc3 11. bxc3 O-O 12. Re1 Rd8 13. Bd3 Qd5 14. Ne5 g6 15. Be4 Qd6 16. Nxc6 bxc6 17. Qf3 Bb7 18. Bf4 Qd7 19. Rab1 Rac8 20. Be5 Ba8 21. Qf4 c5 22. Qh6 f6 23. Bxg6 Bf8 24. Bxh7+ Qxh7 25. Qxf6 Re8 26. Re3 Qxb1+ 0-1

[Event "January 9 Late 2024"]
[Site "https://www.chess.com"]
[Date "2024.01.09"]
[Round "9"]
[White "Bardyk, Artem"]
[Black "Martins, Bruno Andre Leite"]
[Result "1-0"]
[Board "74"]
[TimeControl "180+1"]
[WhiteFideId "34349979"]
[BlackFideId "1942255"]
[WhiteElo "2733"]
[BlackElo "2512"]
[WhiteTeam "RUS"]
[BlackTeam "POR"]
[WhiteClock "0:00:05"]
[BlackClock "0:00:00"]

1. e4 e6 2. d4 d5 3. Nc3 dxe4 4. Nxe4 Nd7 5. g3 Ngf6 6. Nxf6+ Nxf6 7. Bg2 c5 8. Nf3 Bd7 9. Ne5 Qa5+ 10. Bd2 Qc7 11. Nxd7 Nxd7 12. d5 e5 13. O-O Bd6 14. c4 O-O 15. f4 exf4 16. gxf4 Rae8 17. Qf3 f5 18. Rae1 Nf6 19. Qd3 Rxe1 20. Rxe1 Nh5 21. Re6 Nxf4 22. Bxf4 Bxf4 23. d6 Qd7 24. b4 Kh8 25. Qd5 cxb4 26. c5 Bg5 27. Re1 Bf6 28. Qxb7 Qa4 29. c6 Qc2 30. c7 Bd4+ 31. Kh1 Qf2 32. Rf1 Qc2 33. d7 1-0

[Event "January 9 Late 2024"]
[Site "https://www.chess.com"]
[Date "2024.01.09"]
[Round "9"]
[White "Kosteniuk, Alexandra"]
[Black "Mullodzhanov, Nathaniel"]
[Result "1-0"]
[Board "75"]
[TimeControl "180+1"]
[WhiteFideId "4128125"]
[BlackFideId "30961580"]
[WhiteElo "2711"]
[BlackElo "2509"]
[WhiteTeam "SUI"]
[BlackTeam "USA"]
[WhiteClock "0:00:19"]
[BlackClock "0:00:05"]

1. e4 c6 2. Nc3 d5 3. Nf3 Bg4 4. h3 Bxf3 5. Qxf3 e6 6. g3 Nd7 7. d4 Bb4 8. e5 Ne7 9. Bg2 O-O 10. O-O Nf5 11. Ne2 f6 12. Qb3 Qb6 13. c3 Be7 14. Nf4 fxe5 15. Nxe6 Rf6 16. Ng5 Qxb3 17. axb3 exd4 18. Rd1 Bc5 19. c4 Nb6 20. cxd5 cxd5 21. Ra5 Rc8 22. b4 Bxb4 23. Rxd5 Nxd5 24. Bxd5+ Kh8 25. Nf7+ Rxf7 26. Bxf7 g6 27. Bf4 Kg7 28. Be6 Rc5 29. Bxf5 Rxf5 30. Rxd4 Bc5 31. Rd7+ Rf7 32. Rd5 b6 33. Kg2 Re7 34. Be5+ Kf7 35. f4 Ke6 36. Rd3 Rd7 37. Rxd7 Kxd7 38. Kf3 h5 39. Ke4 Ke6 40. g4 hxg4 41. hxg4 a5 42. Bc3 Bf2 43. f5+ gxf5+ 44. gxf5+ Ke7 45. Kd5 Be3 46. Kc6 Bf2 47. Be5 a4 48. Kb5 a3 49. bxa3 Be3 50. a4 Kd7 51. Bb8 Ke7 52. Bc7 Kf6 53. Bxb6 Bd2 54. Ba5 Bf4 55. Bd8+ Kxf5 56. a5 Ke6 57. Kc6 Bb8 58. a6 Ba7 59. Kb7 Bc5 60. Bb6 Bxb6 61. Kxb6 Kd7 62. Kb7 Kd8 63. a7 Kd7 64. a8=Q Kd6 65. Qd8+ Ke5 66. Kc6 Kf4 67. Qe7 Kg4 68. Qf7 Kg5 69. Kd5 Kg4 70. Ke4 Kg5 71. Qf5+ Kh4 72. Qg6 Kh3 73. Kf3 Kh2 74. Qg2# 1-0

[Event "January 9 Late 2024"]
[Site "https://www.chess.com"]
[Date "2024.01.09"]
[Round "9"]
[White "Arabidze, Meri"]
[Black "Santos Flores, Alberto"]
[Result "0-1"]
[Board "76"]
[TimeControl "180+1"]
[WhiteFideId "13604040"]
[BlackFideId "3601234"]
[WhiteElo "2704"]
[BlackElo "2508"]
[WhiteTeam "GEO"]
[BlackTeam "ECU"]
[WhiteClock "0:00:00"]
[BlackClock "0:00:06"]

1. Nf3 Nf6 2. b3 d5 3. Bb2 Bf5 4. c4 e6 5. g3 c6 6. Bg2 h6 7. O-O Nbd7 8. d3 Be7 9. Nbd2 O-O 10. Rc1 Bh7 11. Rc2 a5 12. a3 Ne8 13. Qa1 Bf6 14. Bxf6 Qxf6 15. Rb2 Nc5 16. Qc1 Qe7 17. Rb1 Nf6 18. b4 axb4 19. axb4 Ncd7 20. Qb2 Nb6 21. c5 Nbd7 22. Ra1 e5 23. Nb3 e4 24. dxe4 Nxe4 25. e3 Qf6 26. Nbd4 Bg6 27. Rxa8 Rxa8 28. Ra1 Rb8 29. Ra7 Ne5 30. Nxe5 Qxe5 31. Qa2 Qf6 32. Bxe4 Bxe4 33. Rxb7 Rc8 34. Rb6 h5 35. b5 h4 36. Rxc6 Rxc6 37. Qa8+ Kh7 38. Qxc6 Qe5 39. Qd6 Qh5 40. f3 Bxf3 41. Qf4 Be4 42. g4 Qg6 43. c6 f5 44. g5 Qh5 45. g6+ Kxg6 46. Kf2 Qd1 47. Qd6+ Kh7 48. c7 Qd2+ 49. Ne2 Bd3 0-1

[Event "January 9 Late 2024"]
[Site "https://www.chess.com"]
[Date "2024.01.10"]
[Round "9"]
[White "Hungaski, Robert"]
[Black "Heberla, Bartlomiej"]
[Result "1-0"]
[Board "77"]
[TimeControl "180+1"]
[WhiteFideId "2021030"]
[BlackFideId "1115120"]
[WhiteElo "2498"]
[BlackElo "2670"]
[WhiteTeam "USA"]
[BlackTeam "POL"]
[WhiteClock "0:00:30"]
[BlackClock "0:00:08"]

1. e4 e5 2. Nf3 Nc6 3. d4 exd4 4. Nxd4 Bc5 5. Be3 Qf6 6. Nb5 Bxe3 7. fxe3 Qh4+ 8. g3 Qxe4 9. Nxc7+ Kd8 10. Nxa8 Qxh1 11. Qd6 Nf6 12. Nd2 Qd5 13. Qc7+ Ke7 14. O-O-O Qe5 15. Nc4 Qxc7 16. Nxc7 d5 17. Nxd5+ Nxd5 18. Rxd5 Be6 19. Rc5 h5 20. h4 Rh6 21. Bd3 Bd7 22. a3 Rh8 23. b4 b6 24. Rg5 g6 25. b5 Nd8 26. a4 Ne6 27. Rd5 Nc5 28. a5 Be6 29. Rd4 Bxc4 30. Rxc4 Rd8 31. axb6 axb6 32. Kd2 Ra8 33. Rd4 Ra1 34. Be2 Rg1 35. g4 Ne6 36. Ra4 hxg4 37. Rxg4 Rh1 38. Bf3 Nc5 39. Bxh1 1-0

[Event "January 9 Late 2024"]
[Site "https://www.chess.com"]
[Date "2024.01.09"]
[Round "9"]
[White "Msellek, Ilyass"]
[Black "Pourkashiyan, Atousa"]
[Result "0-1"]
[Board "78"]
[TimeControl "180+1"]
[WhiteFideId "675938"]
[BlackFideId "12502014"]
[WhiteElo "2670"]
[BlackElo "2496"]
[WhiteTeam "MAR"]
[BlackTeam "USA"]
[WhiteClock "0:01:01"]
[BlackClock "0:00:11"]

1. d4 Nf6 2. c4 e6 3. Nc3 d5 4. cxd5 exd5 5. Bg5 Be7 6. e3 c6 7. Qc2 O-O 8. Bd3 Nbd7 9. Nf3 Re8 10. O-O Nf8 11. h3 Be6 12. Rae1 Rc8 13. Ne5 N6d7 14. Bxe7 Qxe7 15. f4 f6 16. Ng4 c5 17. Qd2 cxd4 18. exd4 Qb4 19. a3 Qxd4+ 20. Kh1 Bf5 21. Rxe8 Rxe8 22. Nf2 Nc5 23. Ne2 Rxe2 24. Qxe2 Nxd3 25. Nxd3 Qxd3 26. Qf2 d4 27. Re1 Be4 28. Kh2 h6 29. Re2 Ng6 30. Rd2 Qe3 31. Qxe3 dxe3 32. Re2 Nxf4 33. Rxe3 Bxg2 34. h4 Bc6 35. Re7 Ng6 36. Rc7 Nxh4 37. a4 a5 38. Kg3 Nf5+ 39. Kf4 Nd6 40. Ke3 Nc4+ 41. Kf4 Nxb2 42. Kf5 Kh7 43. Ke6 h5 44. Kf7 Kh6 45. Kf8 g5 46. Kf7 h4 47. Kxf6 h3 48. Rc8 Kh5 49. Rg8 Kh4 50. Kf5 Bd7+ 51. Ke4 g4 52. Kf4 Kh5 53. Rg7 Be6 54. Ke5 Bc8 55. Kf4 Nd3+ 56. Ke3 Ne5 57. Rg8 Bd7 58. Kf4 Ng6+ 59. Kg3 Kg5 60. Rg7 Bc6 61. Rf7 Ne5 62. Rg7+ Kf5 63. Rh7 Ke4 64. Re7 Kd5 65. Rg7 Kc5 66. Rg5 Kd4 67. Rg7 Bxa4 68. Rxb7 Bc6 69. Ra7 a4 70. Ra5 Nc4 71. Ra6 a3 72. Rxc6 Kc3 73. Rb6 a2 74. Ra6 Kb2 75. Rb6+ Kc2 76. Ra6 Kb1 77. Rc6 a1=Q 78. Rxc4 Qe5+ 79. Kh4 Qe7+ 80. Kg3 Qe3+ 81. Kh4 Qh6+ 82. Kg3 h2 83. Rb4+ Kc2 84. Rc4+ Kd3 85. Rc5 Qh3+ 86. Kf4 h1=Q 87. Rh5 Q1f3+ 88. Kg5 Kc4 89. Rh4 Qxh4+ 90. Kxh4 g3 91. Kg5 g2 92. Kh6 g1=Q 93. Kh7 Qfh1# 0-1